 Dungeon Crawl Stone Soup version 0.28-a0-1114-g8eb0198dcf (webtiles) character file.

Game seed: 2504539855588563433

21 Peloso the Covered (level 2, -1/27 HPs)
             Began as a Minotaur Fighter on Dec 11, 2021.
             Frozen to death by an endoplasm (4 damage)
             ... on level 1 of the Dungeon.
             The game lasted 00:00:54 (687 turns).

Peloso the Covered (Minotaur Fighter)                Turns: 687, Time: 00:00:55

Health: -1/27      AC:  7    Str: 20    XL:     2   Next: 65%
Magic:  1/1        EV:  9    Int:  5    God:
Gold:   21         SH:  4    Dex:  9    Spells: 1/1 levels left

rFire   . . .      SeeInvis .   a - +0 long sword
rCold   . . .      Faith    .   c - +0 buckler
rNeg    . . .      Spirit   .   b - +0 scale mail
rPois   .          Reflect  .   (helmet restricted)
rElec   .          Harm     .   (no cloak)
rCorr   .          Rampage  .   (no gloves)
Will    .....                   (no boots)
Stlth   ..........              (no amulet)
HPRegen 0.09/turn               (no ring)
MPRegen 0.07/turn               (no ring)

@: no status effects
A: horns 2, retaliatory headbutt
a: no special abilities


You were on level 1 of the Dungeon.
You visited 1 branch of the dungeon, and saw 1 of its levels.

You collected 21 gold pieces.

Inventory:

Hand Weapons
 a - a +0 long sword (weapon)
Armour
 b - a +0 scale mail (worn)
 c - a +0 buckler (worn)
Jewellery
 e - a +6 ring of intelligence
 f - a ring of ice
Potions
 d - a potion of might


   Skills:
 + Level 3.8 Fighting
 + Level 2.8 Long Blades
 + Level 4.1 Armour
 + Level 0.7 Dodging
 + Level 3.8 Shields


You had one spell level left.
You didn't know any spells.
Your spell library contained the following spells:

 Spells                   Type           Power      Damage    Failure   Level
 Corpse Rot               Necr/Air       0%         N/A       92%         2
 Poisonous Vapours        Pois/Air       0%         N/A       92%         2


Dungeon Overview and Level Annotations

Branches:
Dungeon (1/15)

Altars:


Innate Abilities, Weirdness & Mutations

You have a pair of horns on your head.
You reflexively headbutt those who attack you in melee.


Message History

A goblin is nearby!
An endoplasm comes into view.
Found a brown potion.
The goblin hits you but does no damage.
You see here a scroll labelled ENAVVEY ZYWEBB.
You miss the goblin. The goblin hits you with a +0 dagger.
You closely miss the goblin. The goblin hits you but does no damage.
You barely miss the goblin. You block the goblin's attack.
The endoplasm freezes you.
You are frozen.
You closely miss the goblin. The goblin hits you with a +0 dagger.
The endoplasm hits you but does no damage.
The goblin hits you with a +0 dagger.
You closely miss the goblin. The endoplasm freezes you.
You are frozen.
The goblin hits you but does no damage.
You hit the goblin but do no damage. Your headbutt misses the goblin.
The endoplasm freezes you.
You are frozen.
You block the goblin's attack. The endoplasm freezes you.
You are frozen.
You closely miss the goblin. The goblin misses you. The endoplasm freezes you.
You are frozen.
* * * LOW HITPOINT WARNING * * *
You barely miss the goblin. The goblin hits you with a +0 dagger.
* * * LOW HITPOINT WARNING * * *
The endoplasm hits you.
* * * LOW HITPOINT WARNING * * *
The goblin misses you.
Unknown command.
The endoplasm jiggles.
Okay, then.
A bat comes into view.
The bat moves out of view.
Found 13 gold pieces.
The bat closely misses you.
You miss the bat. You headbutt the bat.
You kill the bat!
The endoplasm freezes you.
You are frozen.
You die...

####### ##.#.#.# #.
#....... ..######
#####.#.#.# #......# ...
........ # ...#.# ...#
##.#.#.# #.##.#.###....#
#....... #..!..........
##.#.#.# #.....@.......
#....... #.#.#J##....$.
##.#.#.# ...#g# #...#
#....... .## #..#.##
..####.#.#># ....##..#..#
.......... #.....##.####
#####.#.#.#
#####.?##.##..............
.#............# ####.#.#.#
...........##.# #.......


You could see an endoplasm and a goblin.

Vanquished Creatures
  A dart slug (D:1)
  3 ball pythons (D:1)
  2 endoplasms (D:1)
  A hobgoblin (D:1)
  A quokka (D:1)
  2 bats (D:1)
  A frilled lizard (D:1)
  3 goblins (D:1)
  4 kobolds (D:1)
  2 rats (D:1)
20 creatures vanquished.

Notes
Turn   | Place    | Note
-------+----------+-------------------------------------------
     0 | D:1      | Peloso the Minotaur Fighter began the quest for the Orb.
     0 | D:1      | Reached XP level 1. HP: 19/19 MP: 0/0
    89 | D:1      | Reached XP level 2. HP: 8/27 MP: 1/1
   457 | D:1      | Reached skill level 4 in Armour
   687 | D:1      | Frozen to death by an endoplasm

Illustrated notes

Levels and vault maps discovered:
D:1:      minmay_arrival_plants_in_alcoves, layout_loops_ring, st_stairs_11

Skill      XL: |  1  2 |
---------------+-------+-----
Armour         | 4 |  4.1
Fighting       | |  3.8
Long Blades    | |  2.8
Dodging        | |  0.7
Shields        | |  3.8

Action                   || total
-------------------------++-------
Melee: Long sword        ||    41
       Headbutt          ||     5
Armor: Scale mail        ||    24
Dodge: Dodged            ||    22
Block: Buckler           ||    12

Table legend: (Time is in decaauts)
 A = Elapsed time spent in this place.
 B = Non-inter-level travel time spent in this place.
 C = Inter-level travel time spent in this place.
 D = Time resting spent in this place.
 E = Time spent auto-exploring this place.
 F = Levels seen in this place.
 G = Mean time per level.
                   A        B        C        D        E       F      G
               +--------+--------+--------+--------+--------+-----+--------+
         Total |    698 |    698 |      0 |      0 |    537 |   1 |  698.0 |
       Dungeon |    698 |    698 |      0 |      0 |    537 |   1 |  698.0 |
               +--------+--------+--------+--------+--------+-----+--------+

Top non-repeatable levels by time:
     D:1: 698 daAuts
